 Dungeon Crawl Stone Soup version 0.23-a0-143-g1adec7b (webtiles) character file.

77 chorionicmirror the Slasher (level 4, 0/33 HPs)
             Began as a Demonspawn Gladiator on Sept 6, 2018.
             Slain by Sigmund
             ... wielding a +0 scythe
              (6 damage)
             ... on level 2 of the Dungeon.
             The game lasted 00:05:02 (2180 turns).

chorionicmirror the Slasher (Demonspawn Gladiator)  Turns: 2180, Time: 00:05:03

Health: 0/33       AC:  7    Str: 13 (16) XL:     4   Next: 14%
Magic:  4/4        EV: 11    Int: 12 (13) God:
Gold:   120        SH:  0    Dex: 12 (14) Spells: 3/3 levels left

rFire    . . .     SeeInvis .   a - +0 long sword
rCold    + . .     Gourm    .   (no shield)
rNeg     . . .     Faith    .   i - +1 ring mail
rPois    .         Spirit   .   c - +0 helmet
rElec    .         Reflect  .   (no cloak)
rCorr    .         Harm     .   (no gloves)
MR       .....                  (no boots)
Stlth    ..........             (no amulet)
HPRegen  0.11/turn              e - +4 ring of intelligence
MPRegen  0.09/turn              (no ring)

@: confused
A: claws 1, cold resistance 1, mutation resistance 1, subdued magic 1
a: no special abilities


You were on level 2 of the Dungeon.
You were not hungry.

You visited 1 branch of the dungeon, and saw 2 of its levels.

You collected 120 gold pieces.

Inventory:

Hand Weapons
 a - a +0 long sword (weapon)
Missiles
 d - 3 throwing nets (quivered)
Armour
 c - a +0 helmet (worn)
 i - a +1 ring mail (worn)
Jewellery
 e - a +4 ring of intelligence (left claw)
Scrolls
 l - 3 scrolls of remove curse
Comestibles
 b - a chunk of flesh
 f - 4 rations


   Skills:
 - Level 2.0 Fighting
 * Level 4.6 Long Blades
 - Level 1.7 Throwing
 - Level 2.6 Dodging


You had 3 spell levels left.
You didn't know any spells.
Your spell library was empty.

Dungeon Overview and Level Annotations

Branches:
Dungeon (2/15)

Altars:
Yredelemnul

Annotations:
D:2 Jessica, Sigmund


Innate Abilities, Weirdness & Mutations

You have sharp fingernails.
Your flesh is cold resistant. (rC+)
You are somewhat resistant to further mutation.
Your spells are a little easier to cast, but a little less powerful.


Message History

Pain shoots through your body!
* * * LOW HITPOINT WARNING * * *
Sigmund hits you with a scythe.
* * * LOW HITPOINT WARNING * * *
You bump into the rock wall.
Jessica gestures wildly while chanting.
Jessica blinks!
Jessica mumbles some strange words.
Jessica blinks!
Sigmund barely misses you.
You hit Sigmund.
Sigmund is moderately wounded.
You feel less confused.
Jessica casts a spell.
Jessica blinks!
Sigmund casts a spell at you.
You are confused.
You hit Sigmund.
Sigmund is heavily wounded.
Sigmund hits you with a scythe.
You die...

###♣♣ #.......# # #.......#######
# # #.............# . #
######.......###..###.
############............# #.###..
........................# #.###..
##......#####...###.##### #....(@
...######...###@..###...###......
...# ##.....##.@.##.....##......
...# #.......#...#.......##..<..
...####.....).'...'.......##.....
......#.......#...#.......#......
###>####.....##...##.....##..####
# #..# ##...###...###...##.... #
##.# ##### #...# #####..... #
#.####...###...###...##... #
#..##.....##...##.....##.


You could see Sigmund.

Vanquished Creatures
  4 adders (D:2)
  2 worms (D:2)
  A leopard gecko (D:1)
  6 bats
  A giant cockroach (D:1)
  2 goblins (D:1)
  6 hobgoblins
  6 kobolds
  A quokka (D:2)
  2 frilled lizards
  5 rats
36 creatures vanquished.

Notes
Turn   | Place    | Note
-------+----------+-------------------------------------------
     0 | D:1      | chorionicmirror the Demonspawn Gladiator began the quest
                  | for the Orb.
     0 | D:1      | Reached XP level 1. HP: 16/16 MP: 1/1
   101 | D:1      | Reached skill level 3 in Long Blades
   196 | D:1      | Gained mutation: Your flesh is cold resistant. (rC+)
                  | [demonic ancestry]
   196 | D:1      | Reached XP level 2. HP: 19/22 MP: 2/2
  1026 | D:1      | You fall through a shaft!
  1035 | D:2      | Gained mutation: You have sharp fingernails. [demonic
                  | ancestry]
  1035 | D:2      | Reached XP level 3. HP: 27/27 MP: 3/3
  1064 | D:2      | Reached skill level 4 in Long Blades
  1432 | D:2      | Noticed Sigmund
  1598 | D:1      | Gained mutation: Your spells are a little easier to cast,
                  | but a little less powerful. [potion of mutation]
  1598 | D:1      | Gained mutation: You are somewhat resistant to further
                  | mutation. [potion of mutation]
  1658 | D:2      | Found a basalt altar of Yredelemnul.
  1702 | D:2      | HP: 1/27 [bat (1)]
  2120 | D:2      | Reached XP level 4. HP: 33/33 MP: 4/4
  2165 | D:2      | Noticed Jessica
  2180 | D:2      | Slain by Sigmund

Vault maps used:
D:1:      zelgadis_glass_arrival_small
D:2:      kennysheep_six_static_rooms, led_sif_pool, lemuel_round_altar,
          skrybe_limestone_x, uniq_crazy_yiuf_cottage, uniq_jessica,
          uniq_sigmund

Skill      XL: |  1  2  3 |
---------------+----------+-----
Long Blades    | 3 4 |  4.6
Fighting       | |  2.0
Throwing       | |  1.7
Dodging        | |  2.6

Action                   |  1- 3 |  4- 6 || total
-------------------------+-------+-------++-------
Melee: Long sword        |   109 |    10 ||   119
  Use: Scroll            |     4 |     2 ||     6
       Potion            |     4 |       ||     4
  Eat: Chunk             |     3 |     1 ||     4
Armor: Leather armour    |     5 |       ||     5
       Ring mail         |    51 |     4 ||    55
Dodge: Dodged            |    72 |    11 ||    83
       Rpst.: Long sword |    26 |     2 ||    28

Table legend:
 A = Non-vault XP
 B = Vault XP
 C = Vault XP percentage of total XP
 D = Non-vault monster count
 E = Vault monster count
 F = Vault count percentage of total count
                 A         B        C        D         E       F
            +---------+---------+-------+---------+---------+-------
      Total |      80 |      31 |  27.9 |      30 |       6 |  16.7
            +---------+---------+-------+---------+---------+-------
        D:1 |      35 |       0 |   0.0 |      21 |       0 |   0.0
        D:2 |      45 |      31 |  40.8 |       9 |       6 |  40.0
            +---------+---------+-------+---------+---------+-------
